 Dungeon Crawl Stone Soup version 0.29-a0-297-g7659ce593d (webtiles) character file.

Game seed: 12825295465182036390

70 Dabor the Skirmisher (level 4, 0/37 HPs)
             Began as a Formicid Abyssal Knight on Mar 21, 2022.
             Was a Believer of Lugonu.
             Slain by an orc
             ... wielding a +2 flail of holy wrath
              (4 damage)
             ... on level 3 of the Dungeon.
             The game lasted 00:03:17 (1897 turns).

Dabor the Skirmisher (Formicid Abyssal Knight)      Turns: 1897, Time: 00:03:18

Health: 0/37       AC:  4    Str: 24 (26) XL:     4   Next: 45%
Magic:  6/6        EV: 11    Int:  8 (9)  God:    Lugonu [**....]
Gold:   84         SH:  0    Dex:  9 (11) Spells: 3/3 levels left

rFire   + . .      SeeInvis +   a - +1 spear
rCold   + . .      Faith    .   (no shield)
rNeg    . . .      Spirit   .   b - +0 leather armour
rPois   +          Reflect  .   (helmet unavailable)
rElec   +          Harm     .   (no cloak)
rCorr   +          Rampage  .   (no gloves)
Will    .....                   g - +0 pair of boots
Stlth   ..........              (no amulet)
HPRegen 0.12/turn               f - +6 ring of strength
MPRegen 0.10/turn               (no ring)

@: confused, brilliant, resistant, invisible
A: permanent stasis, dig shafts and tunnels, antennae 3, four strong arms
a: Dig, Shaft Self, Renounce Religion, Depart the Abyss, Bend Space


You were on level 3 of the Dungeon.
You worshipped Lugonu.
Lugonu was pleased with you.
You visited 1 branch of the dungeon, and saw 3 of its levels.
You visited the Abyss 1 time.

You collected 84 gold pieces.

Inventory:

Hand Weapons
 a - a +1 spear (weapon)
Armour
 b - a +0 leather armour (worn)
 g - a +0 pair of boots (worn)
Jewellery
 f - a +6 ring of strength (left hand)
 u - the amulet of Vyse {Faith +Blink Str+4 Stlth+}
   (You found it on level 2 of the Dungeon)

   [amulet of faith]

   It allows you to gain divine favour quickly.
   Str:       It affects your strength (+4).
   +Blink:    It lets you blink.
   Stlth:     It makes you more stealthy.
Scrolls
 c - 3 scrolls of fog {unknown}
 d - a scroll of summoning {unknown}
 e - a scroll of amnesia {unknown}
 k - a scroll of brand weapon {unknown}
 m - a scroll of identify {unknown}
 o - a scroll of blinking {unknown}
 p - 2 scrolls of teleportation {unknown}
 r - 2 scrolls of enchant armour {unknown}
 s - a scroll of enchant weapon {unknown}
 t - a scroll of holy word {unknown}


   Skills:
 + Level 3.7 Fighting
 + Level 2.5 Polearms
 + Level 2.9 Armour
 + Level 1.7 Dodging
 + Level 3.0 Invocations


You had 3 spell levels left.
You didn't know any spells.
Your spell library contained the following spells:

 Spells                   Type           Power      Damage    Failure   Level
 Animate Skeleton         Necr           0%         N/A       45%         1
 Apportation              Tloc           0%         N/A       45%         1
 Summon Small Mammal      Summ           0%         N/A       45%         1


Dungeon Overview and Level Annotations

Branches:
Dungeon (3/15)

Altars:

Shops:
D:1 *


Innate Abilities, Weirdness & Mutations

You cannot be hasted, slowed, berserked, paralysed or teleported.
You can dig through walls and to a lower floor.
You have a pair of large antennae on your head. (SInv)
Your four strong arms can wield two-handed weapons with a shield.


Message History

There was something very wrong with that liquid.
You feel weakened.
You feel dopey.
You feel clumsy.
You feel sick.
The orc wizard points at you and mumbles some strange words.
You are more confused.
It was a potion of brilliance.
You feel clever all of a sudden.
You feel sick.
The orc wizard hits you but does no damage.
The dart slug briefly extends its eye-stalks.
You are too confused!
It was a potion of resistance.
You feel protected.
You feel sick.
The orc wizard points at you and mumbles some strange words.
The magic dart hits you!
It was a potion of invisibility.
You fade into invisibility!
You feel sick.
The orc wizard hits you with a +0 dagger.
An orc priest comes into view. It is wielding a +0 whip.
It was a potion of magic.
Magic courses through your body.
You feel sick.
The orc priest shouts!
The orc wizard hits you with a +0 dagger.
* * * LOW HITPOINT WARNING * * *
The orc hits you but does no damage.
You are too confused!
You bump into the rock wall.
You feel sick.
You are no longer poisoned.
The orc wizard closely misses you. The orc barely misses you.
The orc hits you from afar with a +0 trident.
* * * LOW HITPOINT WARNING * * *
You bump into the rock wall.
The orc wizard closely misses you. The orc closely misses you.
The orc barely misses you.
You puncture the orc wizard!
The orc wizard is heavily wounded.
The orc wizard hits you with a +0 dagger.
* * * LOW HITPOINT WARNING * * *
The orc hits you with a +2 flail of holy wrath.
You die...

{ { ..{{ { ##(.{{
#.(o # #o#
#{###w##
#...o..#.#
####o#.#.#
#o#.#.# #@#.#.#
##.oo..#####
#...).......
###>....###.##
#.......# ..
#.#..#..## ###
####.#..#...# ...
........#...###.#
#.#..........# #


You could see an orc priest (can't see you), an orc wizard (invisible, can't see
you), a dart slug (can't see you) and 4 orcs.

Vanquished Creatures
  2 adders
  A worm (D:2)
  3 dart slugs
  2 orcs (D:3)
  6 ball pythons
  3 bats
  5 endoplasms
  2 goblins
  2 hobgoblins
  2 jackals (D:2)
  2 kobolds
  3 quokkas
  2 frilled lizards (D:1)
  3 rats
38 creatures vanquished.

Notes
Turn   | Place    | Note
-------+----------+-------------------------------------------
     0 | Abyss:1  | Dabor the Formicid Abyssal Knight began the quest for the
                  | Orb.
     0 | Abyss:1  | Reached XP level 1. HP: 18/18 MP: 2/2
     0 | D:1      | Escaped the Abyss
    17 | D:1      | Found Jouhopeb's Assorted Antiques.
    33 | D:1      | Reached skill level 1 in Dodging
   133 | D:1      | Reached ** piety under Lugonu
   134 | D:1      | Reached XP level 2. HP: 24/24 MP: 3/3
   489 | D:1      | Reached XP level 3. HP: 24/29 MP: 4/4
   760 | D:1      | Found a faded altar of an unknown god.
  1412 | D:2      | Identified the amulet of Vyse {Faith +Blink Str+4 Stlth+}
  1491 | D:2      | Reached XP level 4. HP: 33/37 MP: 6/6
  1897 | D:3      | Slain by an orc

Illustrated notes

Levels and vault maps discovered:
D:1:      eino_arrival_water_cross, layout_basic, serial_shops,
          nicolae_shop_statue_plus, shapermc_ecumenical_altar_hornbeckon
D:2:      layout_loops_ring, minmay_misc_feat_iff
D:3:      lemuel_castle_with_subvaults [lemuel_castle_interior_carwin_3],
          layout_loops_ring, amethyst_overflow_temple_binary

Skill      XL: |  1  2  3  4 |
---------------+-------------+-----
Dodging        | 1 |  1.7
Invocations    | 3 |  3.0
Fighting       | |  3.7
Polearms       | |  2.5
Armour         | |  2.9

Action                   |  1- 3 |  4- 6 || total
-------------------------+-------+-------++-------
Melee: Spear             |    83 |    25 ||   108
Throw: Dart              |    13 |     8 ||    21
Invok: Depart the Abyss  |     1 |       ||     1
  Use: Potion            |     1 |     5 ||     6
Armor: Leather armour    |    14 |     9 ||    23
Dodge: Dodged            |    26 |    21 ||    47

Table legend: (Time is in decaauts)
 A = Elapsed time spent in this place.
 B = Non-inter-level travel time spent in this place.
 C = Inter-level travel time spent in this place.
 D = Time resting spent in this place.
 E = Time spent auto-exploring this place.
 F = Levels seen in this place.
 G = Mean time per level.
                   A        B        C        D        E       F      G
               +--------+--------+--------+--------+--------+-----+--------+
         Total |   1905 |   1814 |     91 |      0 |   1450 |   4 |  476.2 |
       Dungeon |   1905 |   1814 |     91 |      0 |   1450 |   3 |  635.0 |
         Abyss |      0 |      0 |      0 |      0 |      0 |   1 |    0.0 |
               +--------+--------+--------+--------+--------+-----+--------+

Top non-repeatable levels by time:
     D:1: 953 daAuts
     D:2: 841 daAuts
     D:3: 111 daAuts
